 Dungeon Sprint DCSS version 0.31-a0-968-g24f9ace8b5 (webtiles) character file.

Game seed: 2943243553822367764

343 Gladio the Cudgeller (level 6, -3/54 HPs)
             Began as a Demonspawn Fighter on Oct 27, 2023.
             Was an Initiate of Makhleb.
             Slain by a two-headed ogre
             ... wielding a +0 giant club
              (14 damage)
             ... in the Dungeon (Sprint IX: "|||||||||||||||||||||||||||||").
             The game lasted 00:01:26 (192 turns).

Gladio the Cudgeller (Demonspawn Fighter)            Turns: 192, Time: 00:01:27

Health: -3/54      AC: 11    Str: 18    XL:     6   Next: 31%
Magic:  5/8        EV: 10    Int: 10    God:    Makhleb [......]
Gold:   0          SH:  5    Dex: 12    Spells: 5/5 levels left

rFire   . . .        q - +1 broad axe (freeze)
rCold   . . .        c - +0 buckler
rNeg    . . .        r - +2 ring mail
rPois   .            (no helmet)
rElec   .            p - +0 cloak
rCorr   .            (no gloves)
SInv    .            o - +0 pair of boots
Will    .....        (no amulet)
Stlth   +            (no ring)
HPRegen 0.29/turn    (no ring)
MPRegen 0.11/turn

%: no teleportation
@: mighty, slowed, invisible, very slow
A: rugged brown scales 1, demonic touch 1
a: Renounce Religion


You were in the Dungeon.
You worshipped Makhleb.
Makhleb was noncommittal.
You visited 1 branch

Inventory:

Hand Weapons
 a - a +0 flail
 q - a +1 broad axe of freezing (weapon)
Armour
 b - a +0 scale mail
 c - a +0 buckler (worn)
 o - a +0 pair of boots (worn)
 p - a +0 cloak (worn)
 r - a +2 ring mail (worn)
Jewellery
 m - a +3 ring of dexterity
 n - a +3 ring of intelligence
Wands
 l - a wand of light (10)
Scrolls
 j - 2 scrolls of blinking
 k - 2 scrolls of amnesia
Potions
 e - 4 potions of curing
 f - 2 potions of heal wounds
 g - a potion of haste
 h - 4 potions of magic


   Skills:
 + Level 6.7 Fighting
 + Level 2.5(5.0) Axes
 - Level 6.9(7.1) Maces & Flails
 + Level 6.1 Armour
 + Level 6.1 Shields
 + Level 3.7 Invocations


You had 5 spell levels left.
You didn't know any spells.
Your spell library was empty.

Dungeon Overview and Level Annotations

Branches:
Dungeon (1/1)

Altars:
Cheibriados
Dithmenos
Fedhas
Gozag
Hepliaklqana
Kikubaaqudgha
Makhleb
Nemelex Xobeh
Okawaru
Qazlal
Ru
Sif Muna
Trog
Uskayaw
Vehumet
Wu Jian
Xom
Yredelemnul
Jiyva
Lugonu


Innate Abilities, Weirdness & Mutations

You are partially covered in rugged brown scales. (AC +1, +3% HP)
Your touch may inflict minor irresistible damage on your foes.


Message History

The orc priest casts a cantrip, but nothing happens.
You barely miss the yak.
The yak is severely wounded.
You block the yak's attack. The yak gores you.
You slash the yak! You freeze the yak.
You kill the yak!
Makhleb accepts your kill. The hornet stings you!
You are poisoned.
You feel yourself slow down.
Your Fighting skill increases to level 6!
Your base Axes skill gained 2 levels and is now at level 2!
Your Armour skill increases to level 6!
Your Shields skill increases to level 6!
Your Invocations skill gained 3 levels and is now at level 3!
You have reached level 6!
You feel much better.
You feel very sick. The hornet stings you!
You are more poisoned.
You feel as though you will be slow longer.
The hornet stings you but does no damage.
The hornet stings you.
You are more poisoned.
You feel as though you will be slow longer.
The orc priest invokes the aid of Beogh against you.
Beogh smites you!
You feel better. The hornet barely misses you.
You fade into invisibility!
The two-headed ogre hits you with a +0 giant club!!
* * * LOW HITPOINT WARNING * * *
The two-headed ogre barely misses you.
You slash the two-headed ogre! You freeze the two-headed ogre.
The two-headed ogre is moderately wounded.
The centaur wields a +0 shortbow.
The centaur shoots an arrow.
The arrow closely misses the hornet.
The arrow hits the two-headed ogre.
The centaur shoots an arrow.
The arrow misses the hornet.
The arrow hits the two-headed ogre!
You block the two-headed ogre's attack.
The two-headed ogre hits you with a +0 giant club!
You die...

▓.▓
▓.▓
▓)▓
▓.▓
▓.▓
▓.▓
▓.▓
▓.▓
▓@▓
▓O▓
▓y▓
▓c▓
▓T▓
▓o▓
▓.▓
▓.▓


You could see a two-headed ogre (unable to see you), a troll (unable to see
you), a hornet (unable to see you), a centaur (unable to see you) and an orc
priest (unable to see you).

Vanquished Creatures
  A yak (D)
  A water moccasin (D)
  A scorpion (D)
  A hound (D)
  A dart slug (D)
  2 orcs (D)
  An endoplasm (D)
  A hobgoblin (D)
  2 goblins (D)
11 creatures vanquished.

Notes
Turn   | Place    | Note
-------+----------+-------------------------------------------
     0 | D        | Gladio the Demonspawn Fighter began the quest for the Orb.
     0 | D        | Reached XP level 1. HP: 18/18 MP: 1/1
    50 | D        | Noticed a hound
    50 | D        | Noticed a scorpion
    50 | D        | Noticed a water moccasin
    56 | D        | Killed a hound
    57 | D        | Gained mutation: Your touch may inflict minor irresistible
                  | damage on your foes. [demonic ancestry]
    57 | D        | Reached XP level 2. HP: 25/25 MP: 2/2
    57 | D        | Gained mutation: You are partially covered in rugged brown
                  | scales. (AC +1, +3% HP) [demonic ancestry]
    57 | D        | Reached XP level 3. HP: 30/30 MP: 3/3
    58 | D        | Killed a scorpion
    59 | D        | Reached skill level 5 in Maces & Flails
    59 | D        | Reached XP level 4. HP: 39/39 MP: 4/4
    68 | D        | Killed a water moccasin
    69 | D        | Reached skill level 5 in Fighting
    69 | D        | Reached skill level 5 in Armour
    69 | D        | Reached skill level 5 in Shields
    69 | D        | Reached XP level 5. HP: 38/47 MP: 5/5
   104 | D        | Found a snail-covered altar of Cheibriados.
   104 | D        | Found a shadowy altar of Dithmenos.
   104 | D        | Found a blossoming altar of Fedhas.
   104 | D        | Found an opulent altar of Gozag.
   105 | D        | Found a hazy altar of Hepliaklqana.
   106 | D        | Found a viscous altar of Jiyva.
   107 | D        | Found an ancient bone altar of Kikubaaqudgha.
   108 | D        | Found a corrupted altar of Lugonu.
   109 | D        | Found a burning altar of Makhleb.
   110 | D        | Found a sparkling altar of Nemelex Xobeh.
   111 | D        | Found an iron altar of Okawaru.
   112 | D        | Found a stormy altar of Qazlal.
   113 | D        | Found a sacrificial altar of Ru.
   114 | D        | Found a shimmering blue altar of Sif Muna.
   115 | D        | Found a bloodstained altar of Trog.
   116 | D        | Found a hide-covered altar of Uskayaw.
   117 | D        | Became a worshipper of Makhleb the Destroyer
   118 | D        | Found a radiant altar of Vehumet.
   119 | D        | Found an ornate altar of the Wu Jian Council.
   120 | D        | Found a shimmering altar of Xom.
   121 | D        | Found a basalt altar of Yredelemnul.
   180 | D        | Noticed a yak
   180 | D        | Noticed a hornet
   180 | D        | Noticed a centaur
   180 | D        | Noticed a two-headed ogre
   180 | D        | Noticed a troll
   188 | D        | Killed a yak
   189 | D        | Reached XP level 6. HP: 25/54 MP: 5/8
   192 | D        | Slain by a two-headed ogre

Illustrated notes

Levels and vault maps discovered:
D:        linesprint [early_d, line_temple, items_1, d_10, items_2, lair_1,
          lair_end, items_3, orc_1, orc_end, items_4, d_15, swamp_1, shoals_1,
          snake_1, spider_1, d_20, vaults_1, items_5, swamp_end, shoals_end,
          snake_end, spider_end, vaults_end, d_27, items_6, zot_1, zot_end,
          crypt_end, forest_end, elf_end, slime_end, tomb_end, abyss_end,
          pan_hell_end]

Skill      XL: |  1  2  3  4  5 |
---------------+----------------+-----
Maces & Flails | 4 5 6 |  6.9
Shields        | 3 4 5 6 |  6.1
Armour         | 3 4 5 6 |  6.1
Fighting       | 4 5 6 |  6.7
Axes           | 2 |  2.5
Invocations    | 3 |  3.7

Action                     |  1- 3 |  4- 6 || total
---------------------------+-------+-------++-------
  Melee: Flail             |    30 |    12 ||    42
         Broad axe         |       |     8 ||     8
    Use: Potion            |     1 |     4 ||     5
 Armour: Scale mail        |    22 |     2 ||    24
         Ring mail         |       |    11 ||    11
  Dodge: Dodged            |     5 |    10 ||    15
  Block: Buckler           |     5 |     6 ||    11

Table legend: (Time is in decaauts)
 A = Elapsed time spent in this place.
 B = Non-inter-level travel time spent in this place.
 C = Inter-level travel time spent in this place.
 D = Time resting spent in this place.
 E = Time spent auto-exploring this place.
 F = Levels seen in this place.
 G = Mean time per level.
                   A        B        C        D        E       F      G
               +--------+--------+--------+--------+--------+-----+--------+
         Total |    211 |    185 |     26 |     32 |     42 |   1 |  211.0 |
       Dungeon |    211 |    185 |     26 |     32 |     42 |   1 |  211.0 |
               +--------+--------+--------+--------+--------+-----+--------+

Top non-repeatable levels by time:
       D: 211 daAuts
